cohdb
Replays
Latest Replays
All Replays
Popular Replays
Top Player Replays
Match Explorer
How It Works
Community
CoH3 Stats
Reddit
Sign in to upload your games and track your stats! →
Sign in with Steam
Match 44595964
Unlisted
Match 44595964
Overview
Messages
Build Orders
End
Construct Infanterie Kompanie
Grenadier Squad
MG 42 Machine Gun Team
Grenadier Squad
GrW 34 Mortar Team
Construct Luftwaffe Kompanie
Support Elements
Selects Mechanized Battlegroup
Selects Raid Package
Medical Station
Wirbelwind Flakpanzer
Marder III M Tank Destroyer
Medical Bunker
Selects StuG Assault Group
StuG Assault Group
Selects Mobile Repair Stations
Construct Panzer Kompanie
Selects Wespe Self-propelled Artillery
CDI
Whiskey
BANDofBROTHERS
青春永驻2021
mXp
Codex-1st
O. Jauregui
sasayasou9t9
0
0
Comments
sign in to comment!
No comments posted yet!